Map: Ever Dream LE

Players

Astrea - Winner!

  • Race: Protoss Protoss
  • League: Master
  • Spawn Location: 1:00

Scarlett

  • Race: Zerg Zerg
  • Spawn Location: 7:00

Event: DreamHack SC2 Masters 2020 Fall

VOD

Have the link to the VOD?

Description

Time

  • Played on: Sept. 9, 2020, 8:06 p.m.
  • Length: 11:51

All games in this series

Show
View Real Time Build Order
Export as new Build Order

Astrea Protoss - Winner!

Build Orders: 1 Gate Expand, Mass Adepts 

Get SALT Encoding   

  12  0:00  Probe  
  13  0:12  Probe  
  14  0:17  Pylon  
  14  0:24  Probe (Chrono Boost)  
  15  0:36  Probe (Chrono Boost)  
  15  0:38  Gateway  
  16  0:44  Probe (Chrono Boost)  
  16  0:46  Assimilator  
  17  0:51  Probe  
  18  1:03  Probe  
  19  1:15  Probe  
  20  1:22  Nexus  
  20  1:32  Cybernetics Core  
  20  1:34  Probe  
  21  1:42  Assimilator  
  21  1:46  Probe  
  22  1:50  Pylon  
  22  1:58  Probe (Chrono Boost)  
  23  2:01  Unknown  
  23  2:06  Adept (Chrono Boost)  
  23  2:10  Warp Gate  
  23  2:11  Probe (Chrono Boost)  
  26  2:19  Probe (Chrono Boost)  
  27  2:24  Twilight Council  
  27  2:25  Probe  
  27  2:29  Stalker (Chrono Boost)  
  28  2:35  Probe  
  31  2:38  Probe  
  32  2:47  Probe  
  32  2:50  Probe  
  34  2:53  Robotics Facility  
  34  2:59  Probe  
  34  3:02  Probe  
  36  3:05  Gateway  
  36  3:08  Resonating Glaives (Chrono Boost)  
  36  3:19  Adept  
  38  3:26  Gateway x2  
  38  3:27  Probe  
  38  3:28  Probe  
  40  3:36  Warp Prism (Chrono Boost)  
  42  3:41  Pylon  
  42  3:44  Probe x2  
  44  3:48  Pylon  
  44  3:56  Probe  
  44  3:57  Probe  
  44  4:01  Adept x2  
  50  4:05  Pylon  
  50  4:08  Assimilator  
  50  4:09  Observer  
  51  4:16  Probe  
  51  4:17  Probe  
  53  4:23  Adept x4  
  61  4:33  Pylon x2  
  61  4:45  Adept x4  
  69  4:49  Pylon  
  63  5:07  Adept x4  
  65  5:15  Probe x2  
  65  5:18  Assimilator, Immortal  
  69  5:32  Stalker x4  
  77  5:48  Probe x2  
  75  6:00  Probe x2  
  75  6:04  Nexus  
  77  6:05  Pylon  
  77  6:12  Probe  
  77  6:14  Sentry x4, Probe  
  87  6:19  Forge  
  87  6:24  Probe  
  88  6:26  Probe  
  88  6:27  Immortal (Chrono Boost)  
  89  6:36  Probe  
  89  6:38  Probe  
  91  6:46  Sentry x2  
  93  6:48  Probe  
  93  6:49  Pylon  
  93  6:50  Pylon, Probe  
  93  6:57  Immortal (Chrono Boost)  
  93  7:00  Probe  
  96  7:02  Probe  
  96  7:03  Protoss Ground Weapons Level 1 (Chrono Boost)  
  96  7:05  Blink (Chrono Boost)  
  97  7:13  Probe  
  97  7:14  Probe  
  99  7:21  Probe  
  96  7:25  Probe  
  96  7:27  Gateway  
  96  7:29  Immortal (Chrono Boost)  
  102  7:30  Gateway  
  103  7:39  Photon Cannon  
  103  7:40  Stalker x3  
  107  7:46  Assimilator  
  107  7:48  Assimilator  
  107  7:49  Probe x3  
  110  8:00  Pylon  
  110  8:01  Probe x3  
  113  8:13  Gateway, Probe  
  113  8:14  Stalker x4  
  113  8:15  Gateway  
  113  8:19  Pylon  
  120  8:27  Robotics Bay  
  120  8:37  Immortal (Chrono Boost)  
  120  8:39  Pylon  
  120  8:40  Nexus  
  124  8:56  Pylon  
  124  8:57  Stalker x5  
  134  9:03  Stalker  
  134  9:05  Shield Battery, Photon Cannon  
  134  9:09  Pylon  
  136  9:13  Protoss Ground Weapons Level 2 (Chrono Boost)  
  136  9:19  Extended Thermal Lance  
  136  9:22  Colossus (Chrono Boost)  
  142  9:31  Robotics Facility  
  142  9:45  Stalker x2  
  142  9:46  Stalker x4  
  154  10:00  Stalker x2  
  156  10:08  Disruptor  
  156  10:09  Disruptor  
  157  10:19  Stalker x6  
  170  10:33  Gateway x2  
  168  10:44  Disruptor  
  168  10:45  Disruptor  
  167  10:59  Adept x3  
  157  11:12  Stalker x3  
  161  11:30  Nexus  
  161  11:34  Stalker x5  
  169  11:44  Stalker  
  169  11:45  Stalker  
Show
View Real Time Build Order
Export as new Build Order

Scarlett Zerg 

Build Orders: Hatch First 

Get SALT Encoding   

  12  0:00  Drone  
  13  0:12  Overlord  
  13  0:16  Drone  
  14  0:30  Drone x2  
  16  0:47  Hatchery  
  15  0:50  Drone  
  15  0:54  Drone  
  17  0:58  Drone  
  18  1:07  Extractor  
  17  1:12  Spawning Pool  
  17  1:15  Drone  
  17  1:19  Drone  
  18  1:27  Drone  
  19  1:35  Unknown x3  
  19  1:39  Drone  
  20  1:51  Drone  
  20  1:52  Unknown  
  21  1:59  Queen x2  
  21  2:00  Overlord, Zergling x2  
  26  2:08  Unknown  
  26  2:09  Drone  
  26  2:12  Metabolic Boost  
  26  2:14  Drone  
  28  2:20  Drone  
  28  2:22  Unknown  
  29  2:23  Drone  
  30  2:34  Hatchery  
  30  2:35  Drone  
  30  2:38  Drone  
  30  2:42  Zergling x2  
  32  2:45  Overlord  
  32  2:53  Drone, Queen  
  32  2:56  Drone  
  36  3:04  Drone x2  
  38  3:08  Drone x3  
  41  3:16  Queen, Overlord  
  41  3:19  Drone  
  44  3:30  Overlord  
  44  3:35  Drone  
  44  3:36  Drone, Queen  
  44  3:38  Drone x3  
  51  3:41  Drone  
  51  3:48  Roach Warren, Overlord  
  52  3:52  Drone  
  52  3:53  Extractor  
  52  3:54  Drone x2  
  53  3:59  Zergling x4  
  53  4:00  Zergling x2  
  56  4:04  Zergling x4  
  58  4:10  Zergling x10  
  58  4:16  Overlord  
  63  4:20  Spine Crawler  
  63  4:21  Zergling x6  
  63  4:22  Zergling x2  
  66  4:27  Overlord  
  66  4:34  Roach x2  
  69  4:39  Roach  
  69  4:40  Roach x3  
  69  4:43  Overlord  
  77  4:46  Spore Crawler  
  71  5:03  Drone  
  71  5:04  Drone x2, Roach x5  
  69  5:08  Drone x2  
  66  5:24  Drone x8  
  66  5:26  Drone  
  75  5:30  Roach  
  75  5:31  Roach  
  75  5:34  Roach  
  81  5:40  Lair  
  81  5:45  Drone x3  
  79  6:03  Overlord  
  79  6:04  Drone x3, Overlord  
  82  6:07  Evolution Chamber  
  82  6:08  Drone, Overlord  
  82  6:09  Extractor  
  81  6:13  Drone, Overlord  
  82  6:20  Overlord  
  81  6:26  Drone x2  
  81  6:27  Drone x5  
  81  6:32  Zerg Missile Weapons Level 1  
  82  6:41  Drone  
  82  6:42  Drone x5  
  82  6:43  Glial Reconstitution  
  87  6:53  Drone x5  
  89  6:58  Drone x2  
  91  7:03  Overlord  
  91  7:05  Drone  
  91  7:06  Drone x2  
  94  7:09  Drone, Extractor  
  94  7:12  Drone, Overlord  
  94  7:13  Drone  
  96  7:21  Drone x5  
  99  7:26  Drone x2  
  101  7:34  Overlord  
  101  7:35  Zergling x2, Overseer  
  101  7:36  Drone x4  
  101  7:37  Drone x2  
  108  7:39  Extractor x2  
  108  7:41  Roach  
  108  7:42  Ravager x5  
  113  7:46  Roach x2  
  113  7:49  Roach  
  119  7:57  Overlord x4  
  119  8:04  Drone, Overlord  
  120  8:06  Roach x3  
  120  8:10  Overlord x2  
  126  8:14  Overlord x2  
  125  8:22  Roach  
  125  8:23  Roach x4  
  135  8:31  Zerg Missile Weapons Level 2  
  135  8:42  Roach x5  
  135  8:43  Roach, Hatchery  
  146  8:56  Overlord  
  146  8:58  Roach  
  146  8:59  Roach x5  
  146  9:02  Unknown  
  157  9:12  Roach x8  
  157  9:16  Ravager x7  
  180  9:23  Overseer  
  180  9:33  Drone x4  
  180  9:34  Drone x4  
  180  9:36  Roach  
  180  9:37  Roach  
  192  9:39  Ravager x5  
  194  9:52  Ravager  
  194  9:55  Ravager x2  
  194  9:56  Roach  
  200  10:02  Ravager  
  175  10:17  Drone  
  175  10:18  Drone x5  
  175  10:20  Roach  
  175  10:21  Roach x10  
  194  10:34  Roach x3  
  200  10:37  Hatchery  
  200  10:41  Overseer  
  190  10:54  Overlord  
  175  10:58  Roach x8  
  191  11:11  Roach x13, Infestation Pit  
  177  11:15  Roach  
  144  11:18  Drone  
  144  11:23  Roach  
  144  11:24  Roach x4  
  150  11:30  Roach  
  150  11:31  Roach x6  

Tags
 
Add a new tag
Caveats
  • Supply blocks, unpowered buildings, or Contaminate may cause inaccurate times.
  • Supply counts are checked every 10 seconds.